Map: Torri del crepuscolo

Players

MaxPauer - Winner!

  • Race: Protoss Protoss
  • League: Diamond

Jhyrachy

  • Race: Zerg Zerg
  • League: Gold

VOD

Have the link to the VOD?

Description

Time

  • Played on: April 21, 2016, 3:46 p.m.
  • Length: 9:36
Show
View Real Time Build Order
Export as new Build Order

MaxPauer Protoss - Winner!

Build Orders: Nexus First 

Get SALT Encoding   

  12  0:01  Probe (Chrono Boost)  
  13  0:11  Probe (Chrono Boost)  
  14  0:17  Pylon  
  14  0:22  Probe (Chrono Boost)  
  16  0:35  Probe (Chrono Boost)  
  16  0:46  Probe (Chrono Boost)  
  17  1:01  Nexus  
  17  1:06  Probe (Chrono Boost)  
  18  1:17  Probe (Chrono Boost)  
  19  1:19  Gateway  
  19  1:28  Probe (Chrono Boost)  
  20  1:38  Assimilator  
  20  1:39  Probe (Chrono Boost)  
  21  1:49  Probe (Chrono Boost)  
  22  1:58  Assimilator  
  22  2:03  Probe (Chrono Boost)  
  22  2:04  Gateway  
  22  2:07  Cybernetics Core  
  23  2:10  Pylon  
  23  2:16  Probe x2 (Chrono Boost)  
  25  2:29  Probe (Chrono Boost)  
  27  2:30  Probe (Chrono Boost)  
  27  2:33  Zealot (Chrono Boost)  
  29  2:39  Pylon  
  29  2:43  Robotics Facility  
  29  2:46  Probe (Chrono Boost)  
  29  2:47  Probe (Chrono Boost)  
  31  2:51  Warp Gate  
  33  2:59  Adept (Chrono Boost)  
  33  3:02  Probe, Adept (Chrono Boost)  
  33  3:03  Probe  
  37  3:13  Probe  
  37  3:16  Probe  
  39  3:26  Adept (Chrono Boost)  
  43  3:27  Adept (Chrono Boost)  
  43  3:31  Probe, Twilight Council  
  43  3:32  Probe  
  45  3:41  Probe  
  45  3:44  Probe  
  47  3:52  Probe  
  48  3:56  Probe  
  48  3:58  Gateway  
  48  4:00  Gateway  
  48  4:02  Probe  
  49  4:07  Resonating Glaives (Chrono Boost)  
  50  4:11  Immortal  
  54  4:18  Pylon  
  54  4:20  Pylon  
  54  4:24  Assimilator  
  54  4:29  Assimilator  
  54  4:30  Probe  
  54  4:31  Probe  
  54  4:52  Probe  
  54  4:54  Probe  
  54  5:06  Probe  
  51  5:08  Immortal (Chrono Boost)  
  55  5:21  Adept x3  
  57  5:22  Adept  
  63  5:33  Gateway  
  63  5:35  Nexus  
  63  5:37  Forge  
  63  5:38  Pylon  
  63  5:39  Pylon  
  63  5:41  Pylon  
  63  5:47  Immortal (Chrono Boost)  
  67  5:50  Probe  
  67  5:51  Probe  
  67  5:56  Adept  
  67  5:57  Adept x3  
  77  6:10  Protoss Ground Weapons Level 1 (Chrono Boost), Probe  
  77  6:12  Probe  
  77  6:17  Adept  
  77  6:18  Adept x3  
  87  6:21  Warp Prism  
  87  6:25  Gateway  
  89  6:26  Gateway  
  89  6:28  Pylon  
  89  6:29  Pylon  
  89  6:31  Blink  
  89  6:36  Probe  
  89  6:37  Probe  
  91  6:40  Pylon  
  91  6:46  Probe  
  91  6:47  Stalker x2  
  91  6:48  Stalker  
  91  6:51  Probe  
  91  6:53  Probe  
  100  6:57  Probe  
  101  7:05  Probe  
  101  7:06  Probe  
  101  7:07  Probe  
  99  7:17  Probe  
  99  7:18  Stalker x4  
  87  7:42  Stalker x4  
  87  7:43  Stalker x2  
  78  8:13  Stalker x2  
  78  8:14  Stalker  
  84  8:28  Stalker  
Show
View Real Time Build Order
Export as new Build Order

Jhyrachy Zerg 

Build Orders: Hatch First 

Get SALT Encoding   

  12  0:01  Drone  
  13  0:09  Drone  
  14  0:17  Overlord  
  14  0:36  Drone x3  
  17  0:57  Hatchery  
  17  1:01  Drone x2  
  18  1:14  Spawning Pool  
  17  1:52  Hatchery  
  16  2:00  Queen  
  18  2:04  Drone, Overlord, Extractor  
  18  2:13  Queen  
  18  2:15  Drone x2  
  22  2:34  Drone x2  
  24  2:38  Drone x3  
  27  2:59  Drone x3  
  27  3:00  Drone  
  31  3:09  Lair  
  31  3:13  Extractor  
  31  3:14  Drone  
  31  3:16  Drone x3  
  34  3:21  Extractor  
  34  3:22  Extractor  
  34  3:24  Overlord  
  34  3:25  Overlord  
  32  3:27  Queen  
  32  3:32  Drone x2  
  36  4:01  Zergling x20  
  46  4:08  Drone  
  46  4:09  Drone  
  48  4:11  Drone  
  48  4:15  Drone  
  42  5:09  Spire  
  42  5:13  Queen  
  43  5:18  Drone x3  
  43  5:19  Drone x2  
  48  5:21  Drone  
  48  5:22  Drone x8  
  57  6:00  Overlord x2  
  57  6:01  Overlord x2  
  56  6:21  Mutalisk  
  56  6:22  Mutalisk x12  
  82  6:29  Drone x2  
  82  6:30  Drone x2  
  86  6:35  Zerg Flyer Weapons Level 1  
  86  6:41  Queen  
  88  7:03  Overlord x2  
  88  7:48  Zergling x2  
  88  7:49  Zergling x18  
  93  8:00  Overlord x3  
  93  8:01  Overlord  
  88  8:07  Spine Crawler  
  88  8:09  Spine Crawler  
  61  8:45  Spine Crawler  
  61  8:47  Spine Crawler  
  54  8:48  Mutalisk  
  54  8:49  Mutalisk x5, Spine Crawler  
  54  8:53  Spine Crawler  
  50  9:12  Spawning Pool  
Tags
 
Add a new tag
Caveats
  • Supply blocks, unpowered buildings, or Contaminate may cause inaccurate times.
  • Supply counts are checked every 10 seconds.